 Seeded DCSS version 0.30.0-19-g36f170ea60 (webtiles) character file.

Game seed: 8994729474104937668 (custom seed)

200 CInkIbrahim the Chopper (level 5, 0/32 HPs)
             Began as a Gargoyle Cinder Acolyte on May 28, 2023.
             Was a High Priest of Ignis.
             Slain by an ogre
             ... wielding a +0 giant club
              (24 damage)
             ... on level 4 of the Dungeon.
             The game lasted 00:02:47 (2355 turns).

CInkIbrahim the Chopper (Gargoyle Cinder Acolyte)   Turns: 2355, Time: 00:02:48

Health: 0/32       AC: 10    Str: 19    XL:     5   Next: 79%
Magic:  6/6        EV: 10    Int: 15    God:    Ignis [*****.]
Gold:   133        SH:  0    Dex:  5    Spells: 6/6 levels left

rFire   + + .        a - +0 hand axe (flame)
rCold   . . .        (no shield)
rNeg    + . .        u - +0 ring mail
rPois   ∞            (no helmet)
rElec   +            v - +0 cloak
rCorr   .            (no gloves)
SInv    +            (no boots)
Will    .....        (no amulet) Stlth
                     j - ring of protection from fire
HPRegen 0.25/turn    t - ring of see invisible
MPRegen 0.10/turn

%: no passive effects
@: no status effects
A: sickness immunity, AC +4, negative energy resistance 1, electricity
resistance, torment resistance 1, petrification resistance
a: Renounce Religion, Fiery Armour, Foxfire Swarm, Rising Flame


You were on level 4 of the Dungeon.
You worshipped Ignis.
Ignis was extremely pleased with you.
You visited 1 branch of the dungeon, and saw 4 of its levels.

You collected 133 gold pieces.

Inventory:

Hand Weapons
 a - a +0 hand axe of flaming (weapon)
 b - a +2 mace of protection
Missiles
 z - a poisoned dart (quivered)
Armour
 u - a +0 ring mail (worn)
 v - a +0 cloak (worn)
 C - a +0 robe
Jewellery
 j - a ring of protection from fire (left hand)
 t - a ring of see invisible (right hand)
 y - a ring of resist corrosion
Wands
 e - a wand of roots (7)
Scrolls
 d - 2 scrolls of vulnerability {unknown}
 f - 2 scrolls of torment
 g - a scroll of blinking {unknown}
 h - a scroll of fear {unknown}
 i - 2 scrolls of immolation {unknown}
 k - 2 scrolls of magic mapping
 m - 3 scrolls of silence
 r - 2 scrolls of teleportation {unknown}
 s - a scroll of enchant armour {unknown}
Potions
 c - 2 potions of berserk rage {unknown}
 l - a potion of might
 n - 2 potions of magic {unknown}
 o - a potion of brilliance {unknown}
 p - a potion of attraction {unknown}
 q - 2 potions of curing {unknown}
 w - a potion of heal wounds {unknown}
 x - a potion of mutation {unknown}
 A - a potion of cancellation {unknown}
 B - a potion of resistance {unknown}


   Skills:
 - Level 3.2 Fighting
 + Level 5.7 Axes
 - Level 1.0 Spellcasting
 - Level 3.0 Fire Magic


You had 6 spell levels left.
You didn't know any spells.
Your spell library contained the following spells:

 Spells                   Type           Power      Damage    Failure   Level
 Scorch                   Fire           18%        2d6       19%         2
 Sandblast                Erth           0%         2d4       38%         1
 Summon Small Mammal      Summ           0%         N/A       38%         1
 Passwall                 Tmut/Erth      0%         N/A       54%         2
 Call Canine Familiar     Summ           0%         N/A       77%         3
 Summon Guardian Golem    Hex/Summ       0%         N/A       77%         3
 Borgnjor's Vile Clutch   Necr/Erth      0%         N/A       100%        5
 Iron Shot                Conj/Erth      0%         9d1       100%        6
 Statue Form              Tmut/Erth      Unusable   N/A       N/A         6

Dungeon Overview and Level Annotations

Branches:
Dungeon (4/15)
 Temple: D:4-7

Altars:

Shops:
D:4 =


Innate Abilities, Weirdness & Mutations

You are immune to sickness and miasma.
Your stone body is resilient. (AC +4)
You are immune to poison.
You resist negative energy. (rN+)
You are resistant to electric shocks. (rElec)
You are resistant to unholy torment.
You are immune to petrification.


Message History

Press: ? - help, Dir - look around, f - activate Flames leap up around you!
The foxfire hits the ogre.
The ogre is moderately wounded.
Your foxfire dissipates!
The foxfire hits the ogre but does no damage.
The ogre is moderately wounded.
The foxfire hits the ogre but does no damage.
The ogre is moderately wounded.
The foxfire hits the ogre.
The ogre is moderately wounded.
The foxfire hits the orc.
The orc is lightly wounded.
The foxfire hits the ogre.
The ogre is moderately wounded.
The foxfire hits the ogre.
The ogre is heavily wounded.
The foxfire hits the ogre.
The ogre is heavily wounded.
The foxfire hits the ogre.
The ogre is severely wounded.
Your foxfire dissipates! x2
Throw: 2 darts (poison)
Press: ? - help, Q - select action, (/) - cycle Shift-Dir - straight line, f - ogre
Aim: an ogre, wielding a +0 giant club (severely wounded, 69% to hit)
You throw a poisoned dart. The poisoned dart hits the ogre.
The ogre is poisoned.
The ogre is severely wounded.
You hit the ogre. You burn the ogre.
The ogre is severely wounded.
The ogre hits you with a +0 giant club!
You hit the ogre. You burn the ogre.
The ogre is almost dead.
The ogre barely misses you.
You hit the ogre. You burn the ogre.
The ogre is almost dead.
You completely miss the ogre.
The ogre is almost dead.
The ogre hits you with a +0 giant club!!
Ouch! That really hurt!
You die...

...#.# ##.#.#############
#...............#
###.....####....## #.....#
#.....######
#.....####.......∩..#
#..###.#.####.......# #..#
##.#.# #.......# ###..#
#.#.## #@......# #..
#..>.####.#.###O#######
#.. ###.....####...o# #.#
####.....# #....### #.#
..†......# ##......#######
##.##
..........................
...
####.####.....#..#.#......
#.# #.# #(.#..#.##.#§.....
#<# #.# #..#..#.##.# .....
#...


You could see an ogre (poisoned) and an orc.

Vanquished Creatures
  Terence (D:2)
  Jessica (D:3)
  An iguana (D:4)
  An orc wizard (D:4)
  2 adders
  A gnoll (D:1)
  An ufetubus (D:4)
  A worm (D:3)
  3 dart slugs
  2 orcs (D:4)
  2 endoplasms (D:1)
  4 giant cockroaches
  9 hobgoblins
  2 quokkas (D:3)
  6 ball pythons
  6 bats
  5 frilled lizards
  6 goblins
  2 kobolds (D:1)
  3 rats
59 creatures vanquished.

Vanquished Creatures (others)
  10 foxfires (D:4)
10 creatures vanquished.

Grand Total: 69 creatures vanquished

Notes
Turn   | Place    | Note
-------+----------+-------------------------------------------
     0 | D:1      | CInkIbrahim the Gargoyle Cinder Acolyte began the quest for
                  | the Orb.
     0 | D:1      | Reached XP level 1. HP: 14/14 MP: 2/2
    70 | D:1      | Reached skill level 3 in Axes
   146 | D:1      | Reached XP level 2. HP: 19/19 MP: 3/3
   295 | D:1      | Reached XP level 3. HP: 15/23 MP: 4/4
   777 | D:2      | Reached skill level 4 in Axes
  1177 | D:2      | Noticed Terence
  1187 | D:2      | Killed Terence
  1188 | D:2      | Reached XP level 4. HP: 13/28 MP: 5/5
  1608 | D:3      | Got the Tome of the Mantle
  1683 | D:3      | Noticed Jessica
  1688 | D:3      | Killed Jessica
  1784 | D:3      | Reached skill level 5 in Axes
  1825 | D:3      | Reached XP level 5. HP: 30/32 MP: 6/6
  2317 | D:4      | Found Dapt's Jewellery Shop.
  2342 | D:4      | Noticed an ogre
  2355 | D:4      | Slain by an ogre

Illustrated notes

Levels and vault maps discovered:
D:1:      ncdulo_halloftheorcs, layout_rooms, minmay_tetromino_o4
D:2:      layout_loops_cross, uniq_terence
D:3:      layout_basic, serial_forest, infiniplex_forest_diagonal,
          infiniplex_forest_straight_2, infiniplex_forest_lined_1,
          infiniplex_forest_lined_corner, infiniplex_forest_clump_small,
          infiniplex_forest_zigzag_2, infiniplex_forest_clump_tiny, uniq_jessica
D:4:      layout_basic, grunt_temple_overflow_open, serial_shops, shop,
          minmay_misc_feat_nine_boxes, minivault_24,
          minmay_shop_enchanted_jewellery, uniq_blork_the_orc, uniq_sigmund

Skill      XL: |  1  2  3  4 |
---------------+-------------+-----
Axes           | 3 4 5 |  5.7
Fighting       | |  3.2
Spellcasting   | |  1.0
Fire Magic     | |  3.0

Action                     |  1- 3 |  4- 6 || total
---------------------------+-------+-------++-------
  Melee: Hand axe          |    94 |    92 ||   186
         Punch             |     2 |     1 ||     3
  Throw: Dart              |       |     1 ||     1
 Invoke: Foxfire Swarm     |       |     1 ||     1
         Fiery Armour      |       |     1 ||     1
    Use: Scroll            |       |     5 ||     5
 Armour: Robe              |    34 |       ||    34
         Ring mail         |       |    39 ||    39
  Dodge: Dodged            |    58 |    41 ||    99
